 Dungeon Crawl Stone Soup version 0.26-b1-32-g5d43845318 (webtiles) character file.

Game seed: 9016458195352433037

86 jmlagarto the Sneak (level 4, -1/36 HPs)
             Began as a Naga Air Elementalist on Jan 13, 2021.
             Slain by Terence
             ... wielding a cursed -3 falchion
              (4 damage)
             ... on level 2 of the Dungeon.
             The game lasted 00:05:30 (2047 turns).

jmlagarto the Sneak (Naga Air Elementalist)         Turns: 2047, Time: 00:05:31

Health: -1/36      AC:  2    Str:  7 (10) XL:     4   Next: 49%
Magic:  1/7        EV: 10    Int: 14 (16) God:
Gold:   56         SH:  0    Dex: 11 (12) Spells: 5/8 levels left

rFire    . . .     SeeInvis +   (no weapon)
rCold    . . .     Faith    .   (no shield)
rNeg     . . .     Spirit   .   a - +0 robe
rPois    +         Reflect  .   (no helmet)
rElec    .         Harm     .   (no cloak)
rCorr    .         Rampage  .   (no gloves)
Will     .....                  (no barding)
Stlth    ++........             (no amulet)
HPRegen  0.12/turn              (no ring)
MPRegen  0.10/turn              (no ring)

@: very slow
A: large, see invisible, deformed body, poison resistance, slowness 2, spit
poison 1, AC +1
a: Spit Poison


You were on level 2 of the Dungeon.
You visited 1 branch of the dungeon, and saw 2 of its levels.

You collected 56 gold pieces.

Inventory:

Missiles
 g - 8 poisoned darts (quivered)
Armour
 a - a +0 robe (worn)
Jewellery
 b - an uncursed amulet of regeneration {unknown}
Scrolls
 e - 3 scrolls of remove curse {unknown}
 h - a scroll of amnesia {unknown}
 i - a scroll of immolation {unknown}
 k - a scroll of fear {unknown}
Potions
 f - a potion of lignification {unknown}
 j - a potion of magic {unknown}


   Skills:
 + Level 2.1 Dodging
 + Level 4.1 Stealth
 + Level 2.5 Spellcasting
 + Level 2.0 Conjurations
 + Level 3.5 Air Magic


You had 5 spell levels left.
You knew the following spells:

 Your Spells              Type           Power        Failure   Level
a - Shock                 Conj/Air       36%          8%          1
b - Swiftness             Air            11%          9%          2

Your spell library contained the following spells:

 Spells                   Type           Power        Failure   Level
 Magic Dart               Conj           28%          10%         1
 Static Discharge         Conj/Air       9%           22%         3
 Mephitic Cloud           Conj/Pois/Air  6%           32%         3
 Blink                    Tloc           N/A          34%         2
 Call Imp                 Summ           1%           34%         2
 Slow                     Hex            1%           34%         2
 Conjure Flame            Conj/Fire      4%           41%         3
 Airstrike                Air            5%           47%         4
 Lightning Bolt           Conj/Air       4%           90%         5


Dungeon Overview and Level Annotations

Branches:
Dungeon (2/15)

Altars:

Annotations:
D:2 Terence


Innate Abilities, Weirdness & Mutations

You cannot wear boots.
Your serpentine skin is tough. (AC +1)
You have supernaturally acute eyesight. (SInv)
Armour fits poorly on your strangely shaped body.
Your system is resistant to poisons. (rPois)
You cover ground very slowly.
You can spit poison.


Message History

The zap hits Terence.
Terence is lightly wounded.
Terence closely misses you.
You no longer feel sluggish.
Terence barely misses you.
Terence hits you with a cursed -3 falchion.
* * * LOW HITPOINT WARNING * * *
Casting: Shock (safe; 6% risk of failure)
Confirm with . or Enter, or press ? or * to list all spells.
Aiming: Shock (safe; 6% risk of failure)
Press: ? - help, Shift-Dir - straight line, f/p - Terence
Aim: Terence, wielding a -3 falchion and wearing a +0 chain mail (lightly wounded, 23% to evade)
The zap hits Terence.
Terence is moderately wounded.
Terence barely misses you.
It was a potion of degeneration.
There was something very wrong with that liquid.
You feel weakened.
You feel dopey.
You feel clumsy.
Terence hits you with a cursed -3 falchion.
You die...

##.......###### ##...).#.#.....##
#####.........##...8.
#...........†.##.....
##.###.......#.##....)
########...###..)..##.##.....
#...........†.#...###.##.....
##.######...##.##.####.##.....
####...........@@..............8.
......######...##.##.####.#..####
####.## ##.###.##.# #)#..# #.#
#.# #....# #.#.... #[# #.# #..###
#)###### #.# ... ...# ####.# #.#
.## #.# #....# .@(..# #.
#.###....####### ######
#......#....))..


You could see Terence.

Vanquished Creatures
  Jessica (D:2)
  An adder (D:2)
  5 dart slugs (D:1)
  2 leopard geckos
  5 bats
  A giant cockroach (D:1)
  9 goblins
  3 hobgoblins
  4 kobolds (D:1)
  3 frilled lizards
  3 rats
37 creatures vanquished.

Notes
Turn   | Place    | Note
-------+----------+-------------------------------------------
     0 | D:1      | jmlagarto the Naga Air Elementalist began the quest for the
                  | Orb.
     0 | D:1      | Reached XP level 1. HP: 15/15 MP: 3/3
   399 | D:1      | Reached XP level 2. HP: 22/22 MP: 3/5
  1025 | D:1      | Reached XP level 3. HP: 28/28 MP: 4/6
  1052 | D:1      | Learned a level 2 spell: Swiftness
  1855 | D:2      | Noticed Jessica
  1857 | D:2      | Killed Jessica
  1858 | D:2      | Reached skill level 4 in Stealth
  1858 | D:2      | Reached XP level 4. HP: 36/36 MP: 4/7
  2019 | D:2      | Noticed Terence
  2047 | D:2      | Slain by Terence

Illustrated notes

Levels and vault maps discovered:
D:1:      saegor_arrival_simple_a, layout_loops_ring, serial_glass,
          glass_columns_b, glass_columns_c, glass_columns_a, glass_columns_c,
          glass_columns_a, glass_columns_c, glass_columns_b, glass_columns_b,
          glass_columns_b, glass_columns_b, glass_columns_c, glass_columns_a,
          glass_columns_c, glass_columns_a, st_stairs_11
D:2:      kennysheep_the_goblin_king, layout_loops_ring,
          gammafunk_temple_overflow_pools, uniq_jessica, uniq_terence

Skill      XL: |  1  2  3  4 |
---------------+-------------+-----
Dodging        | 2 |  2.1
Stealth        | 4 |  4.1
Conjurations   | 2 |  2.0
Spellcasting   | |  2.5
Air Magic      | |  3.5

Action                   |  1- 3 |  4- 6 || total
-------------------------+-------+-------++-------
Melee: Unarmed           |    20 |       ||    20
Throw: Dart              |     7 |     5 ||    12
 Cast: Shock             |    71 |    12 ||    83
       Swiftness         |     1 |     1 ||     2
  Use: Potion            |       |     2 ||     2
Armor: Robe              |    12 |     2 ||    14
Dodge: Dodged            |    40 |     9 ||    49
